Description

In this build order I show you how to defend a proxy marauders and of course how to scout it.

Notes :

  • The forge reaction works against both proxy Marauder and proxy 4-rax
  • Versus a proxy marauders, you need your robotic as fast as possible but before that, you need to secure your defense
  • Wait your opponent, don't take any risk
  • Focus on fast Immortals production at the proxy, the earlier the come, the better it will be!

VOD

https://youtu.be/8AXcS4jtIsA

Replay - anghost v zuka - Ephemeron LE

Build Order

Get SALT Encoding   

  12  0:01  Probe  
  13  0:13  Probe  
  14  0:18  Pylon  
  14  0:25  Probe (Chrono Boost)  
  15  0:36  Probe (Chrono Boost)  
  15  0:39  Gateway  
  16  0:42  Probe  
  16  0:48  Assimilator  
  17  0:55  Probe  
  18  1:07  Forge, Probe  
  19  1:16  Pylon  
  19  1:19  Probe  
  19  1:24  Zealot (Chrono Boost)  
  22  1:41  Photon Cannon  
  22  1:50  Cybernetics Core  
  24  2:04  Photon Cannon  
  24  2:20  Probe  
  22  2:24  Stalker (Chrono Boost)  
  22  2:27  Warp Gate, Assimilator  
  24  2:32  Probe  
  25  2:37  Pylon  
  25  2:46  Stalker  
  27  2:54  Photon Cannon  
  27  2:58  Shield Battery  
  27  3:07  Robotics Facility  
  27  3:16  Gateway  
  27  3:24  Stalker  
  29  3:47  Gateway  
  29  3:54  Immortal (Chrono Boost)  
  29  4:02  Pylon  
  33  4:16  Zealot x2  
  31  4:36  Warp Prism  
  31  4:40  Stalker  
  31  4:47  Stalker  
  33  4:57  Stalker  
  33  5:12  Stalker x2  
  37  5:23  Stalker  
  39  5:36  Stalker  
Spawning Tool Build Advisor. Get it on Overwolf

Go to:

Details

  • Created by: zuka      
  • Published on: Jan 18, 2020
  • Modified on: Jan 18, 2020
  • Patch: 4.11.0
Show
View Real Time Build Order
Export as new Build Order

Comments (0)

There are no comments. Be the first!

Create an account to comment!